AoeStats
← DLLT Mauroski

Arabia

510227696Analyzed
2v2 RM · 2d ago on Sep 30, 2026· 60m 6s· 4 players
Game mode
Random Map
Map size
Medium (4 player)
Population
200
Speed
Normal
Resources
Standard
Victory
Conquest
Starting age
Dark Age
Ending age
Imperial Age
RankedLock teamsTeams togetherTeam positionsShared explorationLock speedFull tech treeHidden civsTurbo modeCheats
Victory
Defeat
🇦🇷 Maya · Argentina
1138
+15
🇦🇷 Mongols · Argentina
1137
+16
🇺🇸 Cumans · United States
1137
-16
🇦🇷 Lithuanians · Argentina
1125
-15
Evasive Species
8:38 Loom
10:45 Feudal Age
12:07 Man-at-Arms
14:13 Double-Bit Axe
22:59 Horse Collar
27:19 Fletching
30:01 Castle Age
28:51 Padded Archer Armor
31:03 Elite Skirmisher
32:16 Bodkin Arrow
33:20 Capped Ram
35:39 Gold Mining
35:41 Stone Mining
37:09 Bloodlines
39:02 Bow Saw
40:08 Heavy Plow
40:51 Leather Archer Armor
42:22 Light Cavalry
43:41 Pikeman
44:22 Squires
47:28 Imperial Age
46:42 Gold Shaft Mining
46:38 Steppe Husbandry
48:22 Forging
48:18 Scale Barding Armor
47:47 Long Swordsman
49:43 Iron Casting
49:43 Conscription
51:39 Blast Furnace
50:39 Scale Mail Armor
50:45 Scale Barding Armor
51:15 Two-Handed Swordsman
53:45 Guilds
54:32 Chain Mail Armor
54:00 Hussar
55:48 Arson
57:36 Ballistics
PH4L4NX
7:22 Loom
9:32 Feudal Age
10:54 Double-Bit Axe
15:28 Horse Collar
18:48 Bloodlines
19:28 Scale Barding Armor
23:34 Castle Age
21:29 Gold Mining
22:58 Forging
24:59 Iron Casting
25:43 Chain Barding Armor
26:15 Elite Skirmisher
31:24 Fletching
32:14 Bodkin Arrow
36:06 Husbandry
41:00 Wheelbarrow
48:17 Imperial Age
46:27 Bow Saw
48:07 Thumb Ring
48:34 Padded Archer Armor
49:05 Bracer
Don Denucco
1:18 Loom
10:13 Feudal Age
10:39 Double-Bit Axe
17:37 Fletching
22:37 Town Watch
27:00 Castle Age
25:07 Horse Collar
26:02 Padded Archer Armor
26:38 Stone Mining
26:39 Gold Mining
27:38 Bodkin Arrow
27:15 Crossbowman
27:58 Pikeman
34:02 Wheelbarrow
34:17 Thumb Ring
35:06 Eagle Warrior
37:27 Squires
38:21 Scale Mail Armor
44:52 Chain Mail Armor
44:48 Forging
45:55 Hand Cart
46:27 Ballistics
47:40 Murder Holes
52:02 Imperial Age
51:19 Iron Casting
54:27 Plate Mail Armor
54:11 Arbalester
56:04 Chemistry
56:11 Bracer
58:14 Bow Saw
58:07 Heavy Plow
57:48 Elite Eagle Warrior
59:27 Town Patrol
DLLT Mauroski
5:45 Loom
7:06 Loom
8:51 Feudal Age
9:51 Double-Bit Axe
20:14 Castle Age
19:43 Fletching
20:41 Bloodlines
20:33 Padded Archer Armor
21:10 Bow Saw
25:14 Loom
27:12 Bodkin Arrow
27:45 Horse Collar
28:00 Gold Mining
29:05 Ballistics
37:23 Husbandry
37:40 Heavy Plow
38:17 Gold Shaft Mining
40:46 Wheelbarrow
39:57 Town Watch
41:30 Leather Archer Armor
41:30 Nomads
44:28 Imperial Age
42:55 Hand Cart
42:41 Town Patrol
42:45 Scale Mail Armor
42:58 Forging
43:25 Stone Mining
44:29 Heavy Cavalry Archer
44:46 Capped Ram
46:07 Elite Mangudai
46:52 Bracer
48:11 Chemistry
48:19 Parthian Tactics
47:52 Siege Ram
50:57 Light Cavalry
51:45 Hussar
Connection lost

Rejoining the realm…

Still unreachable

The connection could not be restored.

Session expired

The server has moved on; the page needs a fresh start.